 Dungeon Crawl Stone Soup version 0.21.1-1-g345015f (webtiles) character file.

314 lyrx the Sneak (level 6, -5/26 HPs)
             Began as a Felid Skald on Mar 1, 2018.
             Slain by an orc
             ... wielding a +2 hand axe of electrocution
              (16 damage)
             ... on level 4 of the Dungeon.
             The game lasted 00:49:58 (3400 turns).

lyrx the Sneak (Felid Skald)                        Turns: 3400, Time: 00:50:00

Health: -5/26      AC:  2    Str:  7    XL:     6   Next: 19%
Magic:  5/10       EV: 21    Int: 15    God:
Gold:   121        SH:  0    Dex: 17    Spells: 3/9 levels left
                                        Lives:  0   Deaths: 1

rFire    . . .     SeeInvis +     - Unarmed
rCold    . . .     Gourm    .   (shield unavailable)
rNeg     . . .     Faith    .   (armour unavailable)
rPois    .         Spirit   .   (helmet unavailable)
rElec    .         Reflect  .   (cloak unavailable)
rCorr    .         Harm     .   (gloves unavailable)
MR       .....                  (boots unavailable)
Stlth    ++++......             (no amulet)
HPRegen  1.08/turn              g - ring of wizardry
MPRegen  0.12/turn              (no ring)

@: regenerating (expiring), quick
A: very small, no armour, no weapons or thrown items, stealth, claws 1, fangs 3,
see invisible, carnivore, speed 1, shaggy fur 2, slow metabolism 1, sharp paws
a: no special abilities


You were on level 4 of the Dungeon.
You were not hungry.

You visited 1 branch of the dungeon, and saw 4 of its levels.

You collected 121 gold pieces.

Inventory:

Jewellery
 g - a ring of wizardry (left paw)
Wands
 j - a wand of polymorph (27)
Scrolls
 c - 4 scrolls of identify
 e - a scroll of remove curse
 h - a scroll of teleportation
 k - a scroll of amnesia
Potions
 d - a potion of flight
 f - a potion of mutation {unknown}
 i - a potion of haste
Books
 a - a book of Battle

   Spells                             Type                      Level
   a - Infusion                       Charms                       1
   b - Shroud of Golubria             Charms/Translocation         2
   c - Song of Slaying                Charms                       2
   d - Spectral Weapon                Hexes/Charms                 3
   e - Regeneration                   Charms/Necromancy            3
Comestibles
 b - 2 rations


   Skills:
 - Level 2.0 Fighting
 + Level 5.4 Dodging
 * Level 7.0 Stealth
 - Level 2.6 Unarmed Combat
 - Level 2.0 Spellcasting
 - Level 4.1 Charms
 + Level 0.8 Necromancy
 - Level 0.1 Translocations


You had 3 spell levels left.
You knew the following spells:

 Your Spells              Type           Power        Failure   Level  Hunger
a - Infusion              Chrm           ##..         1%          1    #......
b - Shroud of Golubria    Chrm/Tloc      #.........   6%          2    ###....
c - Regeneration          Chrm/Necr      #.........   10%         3    ###....


Dungeon Overview and Level Annotations

Branches:
Dungeon (4/15)
 Temple: D:4-7

Altars:
Nemelex Xobeh
Xom
The Shining One


Innate Abilities, Weirdness & Mutations

You cannot wear armour.
You are incapable of wielding weapons or throwing items.
Your paws allow you to move quietly. (Stealth)
You have sharp claws.
You have razor-sharp teeth.
You have supernaturally acute eyesight. (SInv)
You are carnivorous and can eat meat at any time.
You cover ground quickly.
You are covered in thick fur. (AC +2)
You have a slow metabolism.
Your sharp claws are effective at attacking unaware monsters.


Message History

The frilled lizard completely misses you.
You barely miss the iguana. The iguana closely misses you.
The orc closely misses you. The orc misses you.
The frilled lizard completely misses you.
You completely miss the iguana. Your bite misses the iguana.
The iguana barely misses you. The orc hits you with a hand axe.
The frilled lizard completely misses you.
You scratch the iguana.
The iguana is moderately wounded.
The iguana closely misses you. The orc misses you.
The frilled lizard completely misses you.
The orc hits you with a hand axe. The orc hits you with a club.
Your shroud falls apart!
You scratch the iguana. Your bite misses the iguana.
The iguana is heavily wounded.
The iguana closely misses you.
The orc hits you with a hand axe of electrocution.
You are electrocuted!
Ouch! That really hurt!
You die...

#..........
.)........ ##.#......
##.........
###....#.###.
##########....#.#...
#....o..............#
#...loo..†......#.###
#...o@lo..........#
#########......?..#
######....# #####


You could see an iguana, 5 orcs and a frilled lizard.

Vanquished Creatures
  Sigmund (D:3)
  A howler monkey (D:4)
  Ijyb (D:3)
  Robin (D:2)
  7 adders
  A dart slug (D:1)
  2 leopard geckos
  4 orcs (D:3)
  12 bats
  3 giant cockroaches
  10 goblins
  11 hobgoblins
  6 jackals
  12 kobolds
  5 frilled lizards
  12 rats
89 creatures vanquished.

Notes
Turn   | Place    | Note
-------+----------+-------------------------------------------
     0 | D:1      | lyrx the Felid Skald began the quest for the Orb.
     0 | D:1      | Reached XP level 1. HP: 9/9 MP: 4/4
   136 | D:1      | Reached skill level 1 in Stealth
   139 | D:1      | Reached XP level 2. HP: 13/13 MP: 6/6
   218 | D:1      | Learned a level 2 spell: Shroud of Golubria
   633 | D:1      | Reached XP level 3. HP: 16/16 MP: 4/7
   918 | D:2      | Reached skill level 2 in Stealth
  1155 | D:2      | Reached skill level 3 in Stealth
  1155 | D:2      | Reached XP level 4. HP: 16/19 MP: 3/8
  1379 | D:2      | Noticed Robin
  1586 | D:2      | Learned a level 3 spell: Regeneration
  1856 | D:2      | Killed Robin
  1856 | D:2      | Reached skill level 4 in Stealth
  1954 | D:3      | Found a shimmering altar of Xom.
  2038 | D:3      | Found a sparkling altar of Nemelex Xobeh.
  2138 | D:3      | Found a glowing golden altar of the Shining One.
  2173 | D:3      | Reached XP level 5. HP: 22/22 MP: 9/9
  2187 | D:3      | Noticed Sigmund
  2258 | D:3      | Slain by an adder
  2259 | D:3      | Reached XP level 4. HP: 0/19 MP: 3/8
  2274 | D:3      | Killed Sigmund
  2274 | D:3      | Reached skill level 5 in Dodging
  2274 | D:3      | Reached skill level 6 in Stealth
  2274 | D:3      | Reached XP level 5. HP: 12/22 MP: 3/9
  2700 | D:3      | Noticed Ijyb
  2876 | D:3      | Killed Ijyb
  2876 | D:3      | Gained mutation: You are covered in thick fur. (AC +2) [Felid growth]
  2876 | D:3      | Reached XP level 6. HP: 26/26 MP: 6/10
  3270 | D:4      | Reached skill level 7 in Stealth
  3400 | D:4      | Slain by an orc

Skill      XL: |  1  2  3  4  5  6 |
---------------+-------------------+-----
Stealth        | 1 3 6 7 |  7.0
Charms         | 4 |  4.1
Dodging        | 5 |  5.4
Fighting       | |  2.0
Unarmed Combat | |  2.6
Spellcasting   | |  2.0
Necromancy     | |  0.8
Translocations | |  0.1

Action                   |  1- 3 |  4- 6 || total
-------------------------+-------+-------++-------
Melee: Unarmed           |   156 |   182 ||   338
       Bite              |     5 |     8 ||    13
       Punch             |       |     2 ||     2
 Cast: Shroud of Golubri |    10 |    12 ||    22
       Infusion          |     3 |     3 ||     6
       Regeneration      |       |    10 ||    10
  Use: Scroll            |     3 |     3 ||     6
       Potion            |     2 |     2 ||     4
 Stab: Sleeping          |     8 |    15 ||    23
  Eat: Chunk             |     9 |     4 ||    13
Armor: Skin              |    11 |     6 ||    17
Dodge: Dodged            |   126 |   208 ||   334
